 Dungeon Crawl Stone Soup version 0.32-a0-868-g153ae1a8d6 (webtiles) character file.

Game seed: 10351116414446272575

128 bmack86 the Chopper (level 4, 0/39 HPs)
             Began as a Minotaur Fighter on Mar 29, 2024.
             Killed from afar by Ijyb (10 damage)
             ... with a bolt of light
             ... on level 3 of the Dungeon.
             The game lasted 00:05:11 (2660 turns).

bmack86 the Chopper (Minotaur Fighter)              Turns: 2660, Time: 00:05:11

Health: 0/39       AC:  9    Str: 23    XL:     4   Next: 87%
Magic:  3/3        EV:  7    Int:  5    God:
Gold:   51         SH:  0    Dex:  9    Spells: 3/3 levels left

rFire   . . .        a - +0 war axe
rCold   . . .        k - +3 buckler
rNeg    . . .        o - +0 chain mail
rPois   .            (helmet restricted)
rElec   .            (no cloak)
rCorr   .            (no gloves)
SInv    +            (no boots)
Will    .....        (no amulet) Stlth
                     l - ring of see invisible
HPRegen 0.26/turn    (no ring)
MPRegen 0.08/turn

%: no passive effects
@: confused, mighty
A: horns 2, retaliatory headbutt
a: no special abilities


You were on level 3 of the Dungeon.
You visited 1 branch of the dungeon, and saw 3 of its levels.

You collected 78 gold pieces.
You spent 27 gold pieces at shops.

Inventory:

Hand Weapons
 a - a +0 war axe (weapon)
Missiles
 e - 4 javelins (quivered)
Armour
 b - a +0 scale mail
 k - a +3 buckler (worn)
 o - a +0 chain mail (worn)
Jewellery
 l - a ring of see invisible (left hand)
Scrolls
 c - a scroll of noise {unknown}
 f - a scroll of blinking {unknown}
 g - a scroll of enchant armour
 h - a scroll of enchant weapon {unknown}
 i - a scroll of identify
 q - a scroll of immolation {unknown}
 r - a scroll of teleportation {unknown}
Potions
 j - a potion of brilliance
 m - a potion of ambrosia {unknown}
 n - a potion of invisibility {unknown}
 p - a potion of attraction {unknown}


   Skills:
 - Level 3.6 Fighting
 + Level 5.2 Axes
 - Level 3.6 Armour
 - Level 5.0 Shields


You had 3 spell levels left.
You didn't know any spells.
Your spell library was empty.

Dungeon Overview and Level Annotations

Branches:
Dungeon (3/15)

Altars:
Xom

Shops:
D:2 *

Annotations:
D:3 Ijyb


Innate Abilities, Weirdness & Mutations

You have a pair of horns on your head.
You reflexively headbutt those who attack you in melee.


Message History

Found 17 gold pieces.
A quokka comes into view.
Ijyb the Inquisitive comes into view.
She is wielding a +5 club and carrying a wand of light.
Ijyb shouts!
A ball python comes into view.
The ball python hisses angrily.
A giant cockroach comes into view.
The quokka bites you but does no damage.
You block the quokka's attack.
You hit the quokka but do no damage. Your headbutt misses the quokka.
The quokka bites you but does no damage.
Ijyb zaps a wand.
The bolt of light hits you!! You block the quokka's attack.
You hit the quokka.
The quokka is severely wounded.
You closely miss the quokka. The quokka barely misses you. x2
The quokka bites you but does no damage.
You closely miss the quokka. You slash the ball python!
You kill the ball python!
You hit the quokka.
You kill the quokka!
The quokka closely misses you.
Ijyb zaps a wand.
The bolt of light hits you!
* * * LOW HITPOINT WARNING * * *
You block the quokka's attack.
Okay, then.
A sleepcap comes into view.
The giant cockroach closely misses you. You block the quokka's attack.
You feel very mighty all of a sudden.
The giant cockroach bites you but does no damage.
The quokka closely misses you.
The giant cockroach bites you but does no damage.
You slash Ijyb! Your headbutt misses Ijyb.
Ijyb is moderately wounded.
You slash the giant cockroach!
You kill the giant cockroach!
You barely miss the quokka. You block Ijyb's attack.
The quokka bites you but does no damage.
Ijyb zaps a wand.
The bolt of light hits you!
You are confused.
You die...
Ijyb screams, "Time for next experiment!"

.............#....#.#.#
.............#....#.#.#
.............#....#.#.#
.............#....#.#.#
............## #.#.#
............# #.#.#
...........#######.#.#
......†..........(.#.#
.......r@..#######.#.#
##
...$....g†...........#
.#
...........#######.###
.## ###.......... #.#
..# #.........f.. #.#
..# #............. #.#
..## #.........$... #.#
...## #.............
#.# .#..# #.#


You could see a sleepcap, Ijyb and a quokka.

Vanquished Creatures
  Robin (D:2)
  3 adders
  2 dart slugs
  A ribbon worm (D:2)
  9 ball pythons
  5 endoplasms
  6 giant cockroaches
  13 goblins
  3 hobgoblins
  7 jackals
  5 quokkas
  3 bats
  6 frilled lizards
  7 kobolds
  6 rats
77 creatures vanquished.

Notes
Turn   | Place    | Note
-------+----------+-------------------------------------------
     0 | D:1      | bmack86 the Minotaur Fighter began the quest for the Orb.
     0 | D:1      | Reached XP level 1. HP: 19/19 MP: 0/0
    81 | D:1      | Reached XP level 2. HP: 26/26 MP: 1/1
   368 | D:1      | Reached XP level 3. HP: 31/31 MP: 2/2
  1129 | D:2      | Found a transporter.
  1131 | D:2      | Found Allave's Assorted Antiques.
  1157 | D:2      | Reached skill level 5 in Shields
  1176 | D:2      | Found a transporter.
  1422 | D:2      | Reached XP level 4. HP: 32/39 MP: 3/3
  1824 | D:2      | Noticed Robin
  1834 | D:2      | Killed Robin
  2201 | D:2      | Bought a glowing clear potion for 27 gold pieces
  2358 | D:3      | Reached skill level 5 in Axes
  2518 | D:3      | Found a shimmering altar of Xom.
  2651 | D:3      | Noticed Ijyb
  2660 | D:3      | Killed from afar by Ijyb

Illustrated notes

Levels and vault maps discovered:
D:1:      dpeg_arrival_signposts, layout_loops_corners, chequers_garden,
          minmay_worlds_worst_comb
D:2:      layout_loops_corners, serial_shops, nicolae_shop_drivethru, uniq_robin
D:3:      layout_basic, lemuel_round_altar, uniq_ijyb

Skill      XL: |  1  2  3  4 |
---------------+-------------+-----
Shields        | 4 5 |  5.0
Axes           | 3 4 5 |  5.2
Fighting       | |  3.6
Armour         | |  3.6

Action                     |  1- 3 |  4- 6 || total
---------------------------+-------+-------++-------
  Melee: War axe           |   100 |    69 ||   169
         Headbutt          |    11 |     5 ||    16
    Use: Scroll            |       |     2 ||     2
         Potion            |       |     1 ||     1
 Armour: Scale mail        |    78 |    25 ||   103
         Chain mail        |       |    34 ||    34
  Dodge: Dodged            |    37 |    33 ||    70
  Block: Buckler           |    32 |    39 ||    71

Table legend: (Time is in decaauts)
 A = Elapsed time spent in this place.
 B = Non-inter-level travel time spent in this place.
 C = Inter-level travel time spent in this place.
 D = Time resting spent in this place.
 E = Time spent auto-exploring this place.
 F = Levels seen in this place.
 G = Mean time per level.
                   A        B        C        D        E       F      G
               +--------+--------+--------+--------+--------+-----+--------+
         Total |   2716 |   2489 |    227 |      0 |   1836 |   3 |  905.3 |
       Dungeon |   2716 |   2489 |    227 |      0 |   1836 |   3 |  905.3 |
               +--------+--------+--------+--------+--------+-----+--------+

Top non-repeatable levels by time:
     D:2: 1251 daAuts
     D:1: 1077 daAuts
     D:3: 386 daAuts
